 Dungeon Crawl Stone Soup version 0.21.1-1-g345015fe64 (webtiles) character file.

901 GreedyOne the Chopper (level 8, -12/62 HPs)
             Began as a Formicid Fighter on June 22, 2018.
             Killed by divine providence
             ... invoked by an orc priest
              (15 damage)
             ... on level 5 of the Dungeon.
             The game lasted 00:06:00 (4283 turns).

GreedyOne the Chopper (Formicid Fighter)            Turns: 4283, Time: 00:06:00

Health: -12/62     AC:  9    Str: 23    XL:     8   Next: 28%
Magic:  17/17      EV:  8    Int:  8    God:
Gold:   297        SH: 10    Dex: 10    Spells: 7/7 levels left

rFire    . . .     SeeInvis +   a - +0 war axe
rCold    . . .     Gourm    .   c - +0 shield
rNeg     . . .     Faith    .   b - +0 scale mail
rPois    .         Spirit   .   (helmet unavailable)
rElec    .         Reflect  .   n - +0 cloak
rCorr    .         Harm     .   l - +0 pair of gloves
MR       .....                  (no boots)
Stlth    ..........             (no amulet)
HPRegen  0.20/turn              i - ring of magical power
MPRegen  0.15/turn              (no ring)

@: no status effects
A: permanent stasis, dig shafts and tunnels, four strong arms, antennae 3
a: Dig, Shaft Self


You were on level 5 of the Dungeon.
You were hungry.

You visited 1 branch of the dungeon, and saw 5 of its levels.

You collected 297 gold pieces.

Inventory:

Hand Weapons
 a - a +0 war axe (weapon)
Armour
 b - a +0 scale mail (worn)
 c - a +0 shield (worn)
 l - a +0 pair of gloves (worn)
 n - a +0 cloak (worn)
Jewellery
 i - a ring of magical power (left hand)
Scrolls
 e - 6 scrolls of teleportation {unknown}
 g - 4 scrolls of identify {unknown}
 h - 2 scrolls of remove curse {unknown}
 j - a scroll of immolation {unknown}
 k - 2 scrolls of magic mapping {unknown}
 p - a scroll of enchant armour {unknown}
 r - 3 scrolls of amnesia {unknown}
Potions
 d - 3 potions of might
 m - 3 potions of curing
 o - a potion of ambrosia
 q - a potion of haste {unknown}
Comestibles
 f - 5 rations


   Skills:
 + Level 5.0 Fighting
 * Level 6.8 Axes
 + Level 5.0 Armour
 + Level 5.5 Shields


You had 7 spell levels left.
You didn't know any spells.

Dungeon Overview and Level Annotations

Branches:
Dungeon (5/15)
 Temple: D:4-7

Altars:
Uskayaw


Innate Abilities, Weirdness & Mutations

You cannot be hasted, slowed, berserked, paralysed or teleported.
You can dig through walls and to a lower floor.
Your four strong arms can wield two-handed weapons with a shield.
You have a pair of large antennae on your head. (SInv)


Message History

Beogh smites you!
* * * LOW HITPOINT WARNING * * *
You hit the orc priest.
The orc priest is heavily wounded.
You block the orc priest's attack.
You slash the orc priest!
You kill the orc priest!
Your Fighting skill increases to level 5!
Your Armour skill increases to level 5!
You hit the orc priest.
The orc priest is moderately wounded.
The orc priest hits you but does no damage.
You closely miss the orc priest.
The orc priest is moderately wounded.
The orc priest hits you but does no damage.
You slash the orc priest!
The orc priest is almost dead.
The orc priest calls down the wrath of Beogh upon you.
Beogh smites you!
You die...

#+####.#
...†...#
.......# {
.......# {
####.#.# # #.#.#
# #.#[# # #.#.#
########.# #
#.#.# #..@o....#
# #.#.#
#.#####..# #
#.#.# #.# #
#.#.# #.# #
#.#.# #.# #
#.#.#######.#
####.#.........#
.....#.#########
########


You could see an orc priest.

Vanquished Creatures
  Sigmund (D:3)
  A centaur (D:5)
  2 scorpions
  A howler monkey (D:5)
  A crimson imp (D:3)
  3 orc priests
  An orc wizard (D:5)
  2 bullfrog skeletons (D:5)
  Crazy Yiuf (D:3)
  2 iguanas (D:4)
  Jessica (D:3)
  2 worker ants (D:4)
  2 worker ant zombies (D:5)
  5 adders
  2 worms
  2 dart slugs
  A leopard gecko (D:3)
  13 orcs
  5 giant cockroaches
  3 goblins
  11 hobgoblins
  2 jackals (D:5)
  7 quokkas
  A ball python (D:3)
  5 bats
  4 frilled lizards
  A jackal skeleton (D:4)
  4 kobolds
  A leopard gecko skeleton (D:4)
  A quokka skeleton (D:5)
  6 rats
94 creatures vanquished.

Vanquished Creatures (others)
  An orc (D:5)
  A jackal (D:5)
  A quokka (D:5)
3 creatures vanquished.

Grand Total: 97 creatures vanquished

Notes
Turn   | Place    | Note
-------+----------+-------------------------------------------
     0 | D:1      | GreedyOne the Formicid Fighter began the quest for the Orb.
     0 | D:1      | Reached XP level 1. HP: 18/18 MP: 1/1
     1 | D:1      | Noticed an electric eel
   100 | D:1      | Reached XP level 2. HP: 24/24 MP: 2/2
   392 | D:1      | Reached XP level 3. HP: 26/29 MP: 3/3
   544 | D:2      | Reached skill level 3 in Axes
   820 | D:2      | Reached XP level 4. HP: 35/35 MP: 4/4
  1035 | D:2      | Found a hide-covered altar of Uskayaw.
  1169 | D:3      | Noticed Jessica
  1174 | D:3      | Reached skill level 4 in Axes
  1186 | D:3      | Killed Jessica
  1186 | D:3      | Reached XP level 5. HP: 26/41 MP: 5/5
  1218 | D:3      | Found a runed door.
  1308 | D:3      | Reached skill level 5 in Axes
  1552 | D:3      | Reached XP level 6. HP: 43/47 MP: 6/6
  1725 | D:3      | Noticed Sigmund
  1749 | D:3      | Killed Sigmund
  1749 | D:3      | Reached XP level 7. HP: 14/54 MP: 7/7
  2103 | D:3      | Noticed Crazy Yiuf
  2109 | D:3      | Killed Crazy Yiuf
  2321 | D:4      | Reached skill level 6 in Axes
  3696 | D:5      | Entered Level 5 of the Dungeon
  3768 | D:5      | Reached skill level 5 in Shields
  3826 | D:5      | Reached XP level 8. HP: 18/61 MP: 8/8
  4278 | D:5      | HP: 1/61 [orc priest/divine providence (12)]
  4280 | D:5      | Reached skill level 5 in Fighting
  4280 | D:5      | Reached skill level 5 in Armour
  4283 | D:5      | Killed from afar by an orc priest

Skill      XL: |  1  2  3  4  5  6  7  8 |
---------------+-------------------------+-----
Axes           | 3 4 5 6 |  6.8
Shields        | 4 5 |  5.5
Fighting       | 4 5 |  5.0
Armour         | 4 5 |  5.0

Action                   |  1- 3 |  4- 6 |  7- 9 || total
-------------------------+-------+-------+-------++-------
Melee: War axe           |    96 |   123 |   141 ||   360
  Use: Potion            |     1 |       |     1 ||     2
  Eat: Chunk             |       |     3 |     1 ||     4
       Ration            |       |       |     2 ||     2
Armor: Scale mail        |    41 |    48 |    63 ||   152
Dodge: Dodged            |    32 |    37 |    44 ||   113
Block: Shield            |    40 |    58 |    76 ||   174
